 Dungeon Crawl Stone Soup version 0.29.0-13-gc9e81de378 (webtiles) character file.

Game seed: 813591348928880015

66 mtoz the Chopper (level 3, 33/33 HPs)
             Began as a Minotaur Berserker on Sept 10, 2022.
             Was a Believer of Trog.
             Quit the game on level 2 of the Dungeon.
             The game lasted 00:04:33 (1820 turns).

mtoz the Chopper (Minotaur Berserker)               Turns: 1820, Time: 00:04:33

Health: 33/33      AC:  2    Str: 23    XL:     3   Next: 96%
Magic:  2/2        EV: 12    Int:  4    God:    Trog [**....]
Gold:   67         SH:  0    Dex:  9    Spells: 2/2 levels left

rFire   . . .      SeeInvis .   a - +0 hand axe
rCold   . . .      Faith    .   (no shield)
rNeg    . . .      Spirit   .   b - +0 animal skin
rPois   .          Reflect  .   (helmet restricted)
rElec   .          Harm     .   (no cloak)
rCorr   .          Rampage  .   (no gloves)
Will    .....                   (no boots)
Stlth   +.........              (no amulet)
HPRegen 0.11/turn               (no ring)
MPRegen 0.08/turn               (no ring)

@: no status effects
A: horns 2, retaliatory headbutt
a: Renounce Religion, Berserk, Trog's Hand


You were on level 2 of the Dungeon.
You worshipped Trog.
Trog was pleased with you.
You visited 1 branch of the dungeon, and saw 2 of its levels.

You collected 67 gold pieces.

Inventory:

Hand Weapons
 a - a +0 hand axe (weapon)
 e - a +0 short sword
 j - a +0 spear
Missiles
 d - 14 stones (quivered)
 m - 6 javelins
Armour
 b - a +0 animal skin (worn)
Jewellery
 n - a +6 ring of dexterity
Scrolls
 f - 3 scrolls of fog {unknown}
 g - a scroll of vulnerability {unknown}
 h - 6 scrolls of identify
 i - 2 scrolls of amnesia {unknown}
 k - a scroll of teleportation {unknown}
Potions
 l - a potion of brilliance {unknown}
 o - 2 potions of haste {unknown}
 p - a potion of heal wounds {unknown}


   Skills:
 + Level 4.1 Fighting
 * Level 4.4 Axes
 + Level 1.1 Throwing
 + Level 3.0 Armour
 + Level 2.8 Dodging
 + Level 0.4 Stealth


You had 2 spell levels left.
You didn't know any spells.
Your spell library was empty.

Dungeon Overview and Level Annotations

Branches:
Dungeon (2/15)

Altars:


Innate Abilities, Weirdness & Mutations

You have a pair of horns on your head.
You reflexively headbutt those who attack you in melee.


Message History

There is a stone staircase leading up here.
Found a stone staircase leading down.
Found a stone staircase leading up.
An endoplasm comes into view.
The endoplasm quivers.
The endoplasm barely misses you.
You slash the endoplasm!
You kill the endoplasm!
Trog accepts your kill.
No target in view!
p - a viscous brown potion A giant cockroach comes into view.
You hit the giant cockroach.
The giant cockroach is severely wounded.
The giant cockroach bites you.
You hit the giant cockroach.
Your headbutt misses the giant cockroach.
The giant cockroach is almost dead.
The giant cockroach bites you.
The giant cockroach bites you but does no damage.
You barely miss the giant cockroach.
Your headbutt misses the giant cockroach.
The giant cockroach is severely wounded.
The giant cockroach closely misses you. You furiously retaliate!
You headbutt the giant cockroach.
You kill the giant cockroach!
Trog accepts your kill.
No target in view!
There is an escape hatch in the floor here.
Done exploring.
Done exploring.
Search for what [Enter for "."]? .
As you read the scroll labelled FEN WUBOATUWYTH, it crumbles to dust.
It is a scroll of identify.
c - 3 potions of degeneration You drop 3 potions of degeneration.
Unknown command.
Unknown command.
Unknown command.
Are you sure you want to abandon this character and quit the game? (Confirm with "yes".)

.#####.# #.#
.......## #.#
######### ###..>..#
#.# #.......# #
#.....# #.#
##.#####.### #
#..†..# #.# #..#
#.#.#P# # #.....#
#.# ###.## #.#.#P#
###.....#
##.###...## #.#.#.#
.########
##......#..# #.#.#.#
## #######
#...@#####.#.#.#.#.#
###


#PP.PP# ##...# ###.#b#.#.# ..################ ##P#.#P# .............########
#.#.#.# .....####...........# #P#.#.# .....####.##..#.###.########.###
..............#.###.##.#.##..#### #####...............#.###........
##.###.###....#.....#.######.# There were no monsters in sight!

Vanquished Creatures
  2 adders (D:2)
  3 dart slugs
  2 ball pythons (D:1)
  A bat (D:1)
  6 endoplasms
  3 giant cockroaches
  6 hobgoblins
  4 jackals (D:2)
  2 kobolds
  2 quokkas (D:1)
  3 frilled lizards
  2 goblins (D:1)
36 creatures vanquished.

Notes
Turn   | Place    | Note
-------+----------+-------------------------------------------
     0 | D:1      | mtoz the Minotaur Berserker began the quest for the Orb.
     0 | D:1      | Reached XP level 1. HP: 19/19 MP: 0/0
   276 | D:1      | Reached XP level 2. HP: 23/27 MP: 1/1
   451 | D:1      | Found a faded altar of an unknown god.
   858 | D:2      | Reached XP level 3. HP: 33/33 MP: 2/2
  1049 | D:2      | Reached skill level 1 in Throwing
  1288 | D:2      | Reached ** piety under Trog
  1820 | D:2      | Quit the game

Illustrated notes

Levels and vault maps discovered:
D:1:      tarquinn_simple_flora_water_d, layout_rooms,
          shapermc_ecumenical_altar_mp_highgroup, minmay_octomino_e4
D:2:      layout_loops_cross, serial_aquarium, aquarium_bridge_straight
          [aquarium_subvault_bridge, aquarium_subvault_window,
          aquarium_subvault_bridge, aquarium_subvault_wall], aquarium_window_1,
          aquarium_window_2, aquarium_window_2, aquarium_view_2f,
          aquarium_view_2e, aquarium_balcony_5a

Skill      XL: |  1  2  3 |
---------------+----------+-----
Axes           | 4 |  4.4
Throwing       | 1 |  1.1
Fighting       | 4 |  4.1
Armour         | 3 |  3.0
Dodging        | |  2.8
Stealth        | |  0.4

Action                   || total
-------------------------++-------
Melee: Hand axe          ||    64
       Headbutt          ||     9
  Use: Scroll            ||     1
 Stab: Sleeping          ||     1
Armor: Animal skin       ||    10
Dodge: Dodged            ||    41
